 Dungeon Crawl Stone Soup version 0.17-a0-1880-gacf7e67 (webtiles) character file.

117 derrpe the Slasher (level 5, -3/32 HPs)
             Began as a Tengu Berserker on Sept 22, 2015.
             Was a Priest of Trog.
             Killed by nerve-wracking pain
             ... invoked by an orc priest
              (11 damage)
             ... on level 3 of the Dungeon.
             The game lasted 00:02:55 (1976 turns).

derrpe the Slasher (Tengu Berserker)                Turns: 1976, Time: 00:02:56

Health: -3/32      AC:  7    Str: 18    XL:     5   Next: 1%
Magic:  6/6        EV: 16    Int:  7    God:    Trog [***...]
Gold:   92         SH:  0    Dex: 17    Spells: 0 memorised, 4 levels left

rFire  . . .     SeeInvis .     a - +0 falchion
rCold  . . .     Clarity  .     e - +0 ring mail
rNeg   . . .     SustAt   .     (no shield)
rPois  .         Gourm    .     (helmet restricted)
rElec  .         Spirit   .     q - +0 cloak
rCorr  .         Warding  .     p - +0 pair of gloves (curse)
rMut   .         Stasis   .     (boots unavailable)
MR     .....                    (no amulet)
Stlth  +.........               d - +3 ring of dexterity
                                m - +4 ring of evasion

@: not resistant to hostile enchantments, very unstealthy
A: beak, talons 3, able to fly 1
a: Fly, Burn Spellbooks, Berserk, Trog's Hand, Renounce Religion


You were on level 3 of the Dungeon.
You worshipped Trog.
Trog was most pleased with you.
You were hungry.

You visited 1 branch of the dungeon, and saw 3 of its levels.

You collected 92 gold pieces.

Inventory:

Hand weapons
 a - a +0 falchion (weapon)
Armour
 e - a +0 ring mail (worn)
 p - a cursed +0 pair of gloves (worn)
 q - a +0 cloak (worn)
Jewellery
 d - a +3 ring of dexterity (right hand)
 m - a +4 ring of evasion (left hand)
Scrolls
 b - 5 scrolls of enchant armour {unknown}
 f - 2 scrolls of fear {unknown}
 h - 4 scrolls of identify {unknown}
 i - a scroll of immolation {unknown}
 j - 2 scrolls of magic mapping {unknown}
 k - a scroll of amnesia {unknown}
 o - 2 scrolls of teleportation {unknown}
Potions
 g - a potion of brilliance {unknown}
Comestibles
 c - 2 bread rations {@e1}
 l - 3 chunks of flesh {@w0}


   Skills:
 + Level 3.6 Fighting
 * Level 4.5 Long Blades
 + Level 3.1 Armour
 + Level 3.1 Dodging


You had 4 spell levels left.
You didn't know any spells.

Dungeon Overview and Level Annotations

Branches:
Dungeon (3/15)

Altars:
Dithmenos
Ru
Zin


Innate Abilities, Weirdness & Mutations

You have a beak for a mouth.
You have claws for feet.
You can fly.


Message History

You hit the orc priest but do no damage.
You claw the orc priest, but do no damage.
You peck the orc priest.
The orc priest is heavily wounded.
The orc priest hits you but does no damage.
You hit the orc priest.
You claw the orc priest, but do no damage.
The orc priest is severely wounded.
The orc priest completely misses you.
You barely miss the orc priest. You claw the orc priest.
You peck the orc priest.
The orc priest is almost dead.
The orc priest mumbles some strange prayers to Beogh against you.
Pain shoots through your body!
* * * LOW HITPOINT WARNING * * *
You hit the orc priest but do no damage.
The orc priest is almost dead.
The orc priest calls down the wrath of Beogh upon you.
Pain shoots through your body!
You die...

### ## . ....###. .# .#..
... .# .....#.. ..#
.....#o##..#### #.. .
..............# . #..#. #
#.......!. .# ##.... .#
#####........#
.###....##.####.@o.....#####
.....#..........#####.##
.........#####.## .#
........##.....# .#
..#.#......##### .#
.......####### .#
.............#
.##...######.#
.##...######.. .


You could see an orc priest.

Vanquished Creatures
  An orc wizard (D:3)
  2 adders
  2 giant geckos (D:1)
  3 orcs (D:3)
  3 giant cockroaches
  2 goblins
  8 hobgoblins
  12 jackals
  5 ball pythons
  10 bats
  2 giant newts (D:1)
  5 kobolds
  4 rats
59 creatures vanquished.

Notes
Turn   | Place    | Note
--------------------------------------------------------------
     0 | D:1      | derrpe the Tengu Berserker began the quest for the Orb.
     0 | D:1      | Reached XP level 1. HP: 14/14 MP: 2/2
   427 | D:1      | Reached XP level 2. HP: 14/19 MP: 3/3
   842 | D:1      | Acquired Trog's second power
   928 | D:1      | Reached XP level 3. HP: 21/23 MP: 4/4
   943 | D:1      | Reached skill level 4 in Long Blades
  1301 | D:2      | Found a shadowy altar of Dithmenos.
  1421 | D:2      | Reached XP level 4. HP: 25/28 MP: 5/5
  1520 | D:2      | Found a sacrificial altar of Ru.
  1521 | D:2      | Found a glowing silver altar of Zin.
  1964 | D:3      | Gained mutation: You can fly. [Tengu growth]
  1964 | D:3      | Reached XP level 5. HP: 20/32 MP: 6/6
  1976 | D:3      | Killed from afar by an orc priest

Vault maps used:
D:1:      tarquinn_simple_flora_water_f, serial_glass, glass_columns_b,
          glass_columns_a, glass_columns_a, glass_columns_a, glass_columns_b,
          glass_columns_c
D:2:      nicolae_overflow_hidden_temple, nicolae_dithmenos_shadow_blocks,
          first_bread, hex_medium, feat_on_display

Action                   |  1- 3 |  4- 6 || total
-------------------------+-------+-------++-------
Melee: Falchion          |   106 |    60 ||   166
Invok: Berserk           |     1 |       ||     1
  Use: Scroll            |     1 |       ||     1
  Eat: Chunk             |     3 |     1 ||     4
